AoeStats
← Mikey-R2R

QS Arena

503603331Analyzed
3v3 RM · 1mo ago on Sep 1, 2026· 35m 42s· 6 players
Game mode
Random Map
Map size
Normal (6 player)
Population
200
Speed
Normal
Resources
Standard
Victory
Conquest
Starting age
Dark Age
Ending age
Imperial Age
RankedLock teamsTeams togetherTeam positionsShared explorationLock speedFull tech treeHidden civsTurbo modeCheats
Victory
Defeat
🇫🇷 Bohemians · France
817
+14
🇨🇳 Teutons · China
800
+15
🇨🇳 Franks · China
789
+15
🇿🇦 Franks · South Africa
879
-19
🇻🇪 Teutons · Venezuela
770
-15
🇿🇦 Vikings · South Africa
684
-11
Mikey-R2R
8:23 Feudal Age
10:09 Double-Bit Axe
14:24 Castle Age
13:06 Horse Collar
15:56 Bow Saw
18:56 Heavy Plow
20:53 Gold Mining
23:41 Arson
24:25 Squires
25:31 Ironclad
26:24 Forging
26:14 Scale Mail Armor
27:06 Pikeman
29:47 Chain Mail Armor
35:18 Imperial Age
33:25 Wheelbarrow
32:38 Loom
34:39 Hand Cart
34:45 Man-at-Arms
35:13 Gambesons
35:48 Caravan
36:24 Conscription
35:28 Elite Teutonic Knight
Le Daron
9:13 Feudal Age
8:23 Loom
13:06 Castle Age
11:13 Double-Bit Axe
11:11 Horse Collar
13:58 Wheelbarrow
15:22 Bow Saw
22:23 Heavy Plow
26:27 Hand Cart
30:31 Imperial Age
28:25 Squires
28:19 Fletching
28:40 Forging
29:22 Bodkin Arrow
29:28 Scale Mail Armor
28:51 Pikeman
31:43 Conscription
31:44 Chain Mail Armor
32:04 Iron Casting
32:56 Chemistry
32:17 Bracer
32:49 Town Watch
32:27 Halberdier
33:41 Plate Mail Armor
33:42 Ballistics
35:37 Blast Furnace
35:06 Houfnice
磐石
1:05 Loom
10:01 Feudal Age
15:26 Castle Age
14:05 Double-Bit Axe
14:29 Scale Barding Armor
27:22 Wheelbarrow
29:53 Hand Cart
33:10 Imperial Age
31:20 Forging
32:50 Town Watch
autorepuestosjhomansi
11:38 Feudal Age
12:30 Horse Collar
12:42 Double-Bit Axe
13:27 Gold Mining
14:23 Wheelbarrow
13:35 Town Watch
14:35 Man-at-Arms
15:43 Stone Mining
18:44 Castle Age
17:13 Forging
17:44 Scale Barding Armor
18:07 Scale Mail Armor
18:43 Bloodlines
20:23 Bow Saw
20:40 Heavy Plow
21:20 Stone Shaft Mining
23:19 Iron Casting
23:38 Chain Mail Armor
23:29 Pikeman
25:31 Hand Cart
25:16 Town Patrol
26:54 Chain Barding Armor
30:45 Ironclad
Maximus
8:58 Feudal Age
16:29 Castle Age
15:44 Stone Mining
15:46 Gold Mining
16:59 Horse Collar
17:11 Double-Bit Axe
27:25 Forging
27:21 Scale Barding Armor
27:24 Scale Mail Armor
29:14 Iron Casting
28:46 Squires
34:06 Imperial Age
34:30 Chain Mail Armor
Root
11:04 Feudal Age
17:25 Castle Age
16:13 Double-Bit Axe
16:32 Scale Mail Armor
18:35 Stone Mining
Connection lost

Rejoining the realm…

Still unreachable

The connection could not be restored.

Session expired

The server has moved on; the page needs a fresh start.